 Dungeon Crawl Stone Soup version 0.27-a0-67-g4bfc8a49e1 (webtiles) character file.

Game seed: 670814387471760137

254 timneilson the Shield-Bearer (level 6, 0/38 HPs)
             Began as a Gargoyle Fighter on Jan 10, 2021.
             Killed from afar by an orc wizard (11 damage)
             ... with a puff of flame
             ... on level 4 of the Dungeon.
             The game lasted 00:04:37 (3241 turns).

timneilson the Shield-Bearer (Gargoyle Fighter)     Turns: 3241, Time: 00:04:37

Health: 0/38       AC: 11    Str: 21    XL:     6   Next: 15%
Magic:  6/6        EV:  7    Int:  9    God:
Gold:   216        SH:  9    Dex:  9    Spells: 5/5 levels left

rFire    . . .     SeeInvis .   a - +1 long sword
rCold    . . .     Faith    .   c - +0 kite shield
rNeg     + . .     Spirit   .   b - +0 scale mail
rPois    ∞         Reflect  .   (no helmet)
rElec    +         Harm     .   (no cloak)
rCorr    .         Rampage  .   (no gloves)
Will     .....                  (no boots)
Stlth    ..........             (no amulet)
HPRegen  0.12/turn              (no ring)
MPRegen  0.10/turn              (no ring)

@: no status effects
A: negative energy resistance 1, electricity resistance, unbreathing,
petrification resistance, miasma immunity, AC +4
a: no special abilities


You were on level 4 of the Dungeon.
You visited 1 branch of the dungeon, and saw 4 of its levels.

You collected 216 gold pieces.

Inventory:

Hand Weapons
 a - a +1 long sword (weapon)
Armour
 b - a +0 scale mail (worn)
 c - a +0 kite shield (worn)
 j - a +0 plate armour
 n - a +0 chain mail
Wands
 t - a wand of random effects (13)
Scrolls
 e - a scroll of identify
 i - a scroll of teleportation
 k - 2 scrolls of magic mapping
 r - a scroll of fear {unknown}
 s - a scroll of noise {unknown}
Potions
 d - 2 potions of might
 f - a potion of mutation
 g - a potion of lignification
 h - a potion of attraction
 l - 3 potions of heal wounds
 m - a potion of curing
 o - a potion of berserk rage
 p - 2 potions of cancellation
 q - a potion of flight


   Skills:
 + Level 4.0 Fighting
 * Level 3.3 Long Blades
 * Level 4.7 Armour
 * Level 4.8 Shields
 + Level 0.0 Evocations


You had 5 spell levels left.
You didn't know any spells.
Your spell library was empty.

Dungeon Overview and Level Annotations

Branches:
Dungeon (4/15)
 Temple: D:4-7

Altars:
Gozag

Annotations:
D:3 1 runed translucent door, kazak's ghost, amateur OpFE


Innate Abilities, Weirdness & Mutations

You are resistant to torment.
Your stone body is resilient. (AC +4)
You are immune to poison.
You resist negative energy. (rN+)
You are resistant to electric shocks. (rElec)
You can survive without breathing.
You are immune to petrification.
You are immune to miasma.


Message History

You hear some strange, mumbled words.
Something tries to affect you, but you resist.
Something hits you but does no damage.
You closely miss something. Something hits you.
You miss something.
You hear some strange, mumbled words.
A magic dart appears from out of thin air!
The magic dart hits you.
You miss something.
Something hits you but does no damage. x2
You barely miss something.
You hear some strange, mumbled words.
A puff of flame appears from out of thin air!
The puff of flame hits you!
* * * LOW HITPOINT WARNING * * *
You completely miss something. Something hits you but does no damage.
You hit something but do no damage. Something hits you but does no damage.
You hear some strange, mumbled words.
A puff of flame appears from out of thin air!
The puff of flame hits you!
You die... .# .## ..####### ######## ........ #...... ####....... ..... . .......... ooo

..##.#......
#{#
#...........
#@#
###.........
#.#
###.(.....
#.# #.......
##.#
#.##....
#..#
#....##.
#.## ###..#
# #.# #..###
##.# #....#
#..# ##.#.#


You could see 3 orcs.

Vanquished Creatures
  A phantom (D:4)
  A worker ant (D:3)
  5 adders
  An ooze (D:2)
  An adder skeleton (D:4)
  2 worms
  4 dart slugs
  3 leopard geckos
  4 orcs (D:3)
  A ball python (D:3)
  3 giant cockroaches
  6 goblins
  8 hobgoblins
  4 jackals (D:3)
  5 kobolds
  11 bats
  5 frilled lizards
  A leopard gecko skeleton (D:4)
  7 rats
73 creatures vanquished.

Vanquished Creatures (others)
  3 plants (D:3)
3 creatures vanquished.

Grand Total: 76 creatures vanquished

Notes
Turn   | Place    | Note
-------+----------+-------------------------------------------
     0 | D:1      | timneilson the Gargoyle Fighter began the quest for the
                  | Orb.
     0 | D:1      | Reached XP level 1. HP: 14/14 MP: 1/1
   156 | D:1      | Reached XP level 2. HP: 18/19 MP: 2/2
   458 | D:1      | Reached XP level 3. HP: 22/23 MP: 3/3
  1196 | D:2      | Reached XP level 4. HP: 21/28 MP: 4/4
  2043 | D:3      | Found a runed translucent door.
  2043 | D:3      | Noticed kazak's ghost (amateur OpFE)
  2085 | D:3      | Found a faded altar of an unknown god.
  2150 | D:3      | Reached XP level 5. HP: 20/33 MP: 5/5
  2964 | D:4      | Noticed a phantom
  2996 | D:4      | Killed a phantom
  2997 | D:4      | Reached XP level 6. HP: 25/38 MP: 6/6
  3177 | D:4      | Found an opulent altar of Gozag.
  3241 | D:4      | Killed from afar by an orc wizard

Illustrated notes

Levels and vault maps discovered:
D:1:      amcnicky_arrival_feature_with_door, layout_basic
D:2:      layout_loops_ring
D:3:      layout_loops_ring, gammafunk_ghost_grave, serial_bayou,
          serial_bayou_lagoon_a, serial_bayou_crossing, serial_bayou_lagoon_b,
          serial_bayou_pond_e, serial_bayou_shore_b, serial_bayou_pond_d,
          chequers_ecumenical_altar_grove
D:4:      layout_rooms, nicolae_gozag_cash_rules_everything_around_me

Skill      XL: |  1  2  3  4  5 |
---------------+----------------+-----
Long Blades    | 2 3 |  3.3
Shields        | 4 |  4.8
Armour         | 4 |  4.7
Fighting       | 4 |  4.0

Action                   |  1- 3 |  4- 6 || total
-------------------------+-------+-------++-------
Melee: Long sword        |   114 |   158 ||   272
  Use: Scroll            |     4 |     9 ||    13
Armor: Scale mail        |    62 |    94 ||   156
Dodge: Dodged            |    37 |    60 ||    97
Block: Kite shield       |    74 |    87 ||   161
       Rpst.: Long sword |    14 |    21 ||    35

Table legend: (Time is in decaauts)
 A = Elapsed time spent in this place.
 B = Non-inter-level travel time spent in this place.
 C = Inter-level travel time spent in this place.
 D = Time resting spent in this place.
 E = Time spent auto-exploring this place.
 F = Levels seen in this place.
 G = Mean time per level.
                   A        B        C        D        E       F      G
               +--------+--------+--------+--------+--------+-----+--------+
         Total |   3389 |   3278 |    111 |      0 |   2651 |   4 |  847.2 |
       Dungeon |   3389 |   3278 |    111 |      0 |   2651 |   4 |  847.2 |
               +--------+--------+--------+--------+--------+-----+--------+

Top non-repeatable levels by time:
     D:3: 1324 daAuts
     D:2: 878 daAuts
     D:1: 842 daAuts
     D:4: 343 daAuts
